 Dungeon Crawl Stone Soup version 0.23.2-40-g277498a001 (webtiles) character file.

Game seed: 17504435214862445095

7185 Amanar the Protected (level 11, -13/64 HPs)
             Began as a Gargoyle Fire Elementalist on Sept 12, 2019.
             Was an Elder of Okawaru.
             Mangled by Erolcha
             ... wielding a +0 giant club
              (26 damage)
             ... on level 10 of the Dungeon.
             The game lasted 00:37:48 (9247 turns).

Amanar the Protected (Gargoyle Fire Elementalist)   Turns: 9247, Time: 00:37:49

Health: -13/64     AC: 21    Str: 11    XL:     11   Next: 11%
Magic:  36/38      EV: 12    Int: 25    God:    Okawaru [****..]
Gold:   2          SH:  0    Dex:  8    Spells: 7/20 levels left

rFire    . . .     SeeInvis .   a - +3 quarterstaff (chaos)
rCold    . . .     Gourm    .   (shield currently unavailable)
rNeg     + . .     Faith    .   n - +0 ring mail
rPois    ∞         Spirit   .   D - +3 hat of Pondering {ponderous, MR+ MP+10 Int+5}
rElec    +         Reflect  .   x - scarf {repulsion}
rCorr    .         Harm     .   f - +1 pair of gloves
MR       +....                  u - +0 pair of boots
Stlth    +.........             (no amulet)
HPRegen  0.20/turn              m - ring of wizardry
MPRegen  0.26/turn              y - ring of magical power

@: repel missiles, slow
A: horns 2, clumsy 1, negative energy resistance 1, electricity resistance,
unbreathing, petrification resistance, rot immunity, MP-powered wands, AC +8
a: Heroism, Renounce Religion


You were on level 10 of the Dungeon.
You worshipped Okawaru.
Okawaru was greatly pleased with you.
You were not hungry.

You visited 2 branches of the dungeon, and saw 11 of its levels.
You also visited: Sewer.

You collected 497 gold pieces.
You spent 495 gold pieces at shops.

Inventory:

Hand Weapons
 a - a +3 quarterstaff of chaos (weapon)
   (You took it off Crazy Yiuf on level 2 of the Dungeon)
Armour
 f - a +1 pair of gloves (worn)
   (You found it on level 6 of the Dungeon)
 n - a +0 ring mail (worn)
   (You found it on level 1 of the Dungeon)
 u - a +0 pair of boots (worn)
   (You found it on level 6 of the Dungeon)
 x - a scarf of repulsion (worn)
   (You found it on level 8 of the Dungeon)
 D - the +3 hat of Pondering (worn) {ponderous, MR+ MP+10 Int+5}
   (You bought it in a shop on level 8 of the Dungeon)

   It affects your intelligence (+5).
   It affects your resistance to hostile enchantments.
   It affects your magic capacity (+10).
Jewellery
 m - a ring of wizardry (left hand)
   (You found it on level 3 of the Dungeon)
 r - an uncursed ring of fire
   (You found it on level 2 of the Dungeon)
 t - an uncursed ring of ice
   (You found it on level 5 of the Dungeon)
 y - a ring of magical power (right hand)
   (You found it on level 7 of the Dungeon)
 A - an uncursed ring of positive energy
   (You found it on level 7 of the Dungeon)
Wands
 d - a wand of iceblast (31)
   (You found it on level 3 of the Dungeon)
Scrolls
 b - 9 scrolls of identify {@r1}
 c - a scroll of amnesia
 g - a scroll of immolation {!r}
 k - a scroll of fear
 p - 6 scrolls of remove curse {@r2}
 q - 2 scrolls of enchant armour
 s - a scroll of enchant weapon
 z - a scroll of teleportation {@r4}
 C - a scroll of magic mapping
Potions
 h - 2 potions of flight
 j - a potion of agility
 l - 9 potions of curing {@q1}
 o - a potion of cancellation
 v - 2 potions of lignification {unknown}
 w - a potion of haste {unknown}
Comestibles
 e - 21 rations {!d}


   Skills:
 + Level 5.9 Fighting
   Level 0.4(3.2) Maces & Flails
 + Level 5.3 Staves
 * Level 8.6 Armour
 + Level 4.8 Dodging
 - Level 2.4 Stealth
   Level 1.0 Shields
 + Level 5.4 Spellcasting
 + Level 6.1 Conjurations
 * Level 8.5 Fire Magic


You had 7 spell levels left.
You knew the following spells:

 Your Spells              Type           Power        Failure   Level  Hunger
a - Flame Tongue          Conj/Fire      #####        1%          1    None
d - Conjure Flame         Conj/Fire      #####...     1%          3    #......
q - Sticky Flame          Conj/Fire      #####...     3%          4    ###....
x - Fireball              Conj/Fire      #####.....   9%          5    #####..

Your spell library contained the following spells:

 Spells                   Type           Power        Failure   Level  Hunger
 Throw Flame              Conj/Fire      #####.       1%          2    None
 Inner Flame              Hex/Fire       ####....     3%          3    #......


Dungeon Overview and Level Annotations

Branches:
Dungeon (10/15)            Temple (1/1) D:4            Lair (0/6) D:9
    Orc: D:9-12

Altars:
Ashenzari
Cheibriados
Dithmenos
Elyvilon
Fedhas
Gozag
Hepliaklqana
Kikubaaqudgha
Makhleb
Nemelex Xobeh
Okawaru
Qazlal
Ru
Sif Muna
Trog
Uskayaw
Vehumet
Wu Jian
Xom
Yredelemnul
Zin
The Shining One

Shops:
D:8 ((([(   D:9 (

Annotations:
D:10 Erolcha


Innate Abilities, Weirdness & Mutations

You are resistant to torment.
Your stone body is resilient. (AC +8)
You are immune to poison.
You resist negative energy. (rN+)
You are resistant to electric shocks. (rElec)
You can survive without breathing.
You are immune to petrification.
You are immune to rotting.
You have a pair of horns on your head.
You are clumsy. (Dex -2)
You expend magic power (3 MP) to strengthen your wands.


Message History

There is a stone staircase leading down here.
You climb downwards.
There is a stone staircase leading up here.
You see here a +0 giant club.
There is an open door here.
An adder comes into view.
The adder hisses angrily.
Found a stone staircase leading up.
Aim: an adder The flame tongue hits the adder.
Aim: an adder (moderately wounded)
The flame tongue misses the adder.
The adder barely misses you.
Aim: an adder (moderately wounded)
The flame tongue hits the adder!
You kill the adder!
Okawaru accepts your kill.
Done exploring.
Done exploring.
There is an open door here.
You see here a +0 giant club.
There is a stone staircase leading down here.
You climb downwards.
There is a stone staircase leading up here.
You open the door.
There is an open door here.
You open the door. 4 yaks, Erolcha and a skeleton come into view.
The yak bellows! x2; Erolcha shouts!
The yak bellows!
Found a stone staircase leading down.
There is an open door here.
Here: Erolcha, wielding a +0 giant club and wearing a +1 robe of positive energy The floor.
Aim: Erolcha, wielding a +0 giant club and wearing a +1 robe of positive energy The sticky flame hits Erolcha.
Erolcha is covered in liquid flames!
Erolcha burns!
Erolcha points at you and mumbles some strange words.
The stone arrow is repelled.
Erolcha burns!
You sock Erolcha!
Erolcha goes berserk!
You headbutt Erolcha, but do no damage.
Erolcha burns!
Erolcha hits you with a +0 giant club!! x2
* * * LOW HITPOINT WARNING * * *
As you read the scroll of fear, it crumbles to dust.
You assume a fearsome visage.
The hound skeleton is unaffected.
The yak looks frightened! x3; Erolcha burns!
Erolcha hits you but does no damage.
Erolcha burns!
Erolcha stops burning.
Erolcha closely misses you. Erolcha hits you with a +0 giant club!!
You die...

.. . .# ####.####
....... #........
....... #........
....... ####........
...>... #..'<.......
....... ##@##........
....YYY##O.##........
.......#.Z###........
.......Y.## #........
.......### #########
#######


You could see Erolcha (berserk), a yak and a hound skeleton.

Vanquished Creatures
  A hydra (D:8)
  A two-headed ogre (D:9)
  An ugly thing (D:9)
  2 trolls (D:9)
  A hippogriff (D:8)
  2 dream sheep (D:8)
  2 yaks (D:8)
  A steam dragon (D:7)
  A water moccasin (D:6)
  2 ice beasts
  2 phantoms
  The ghost of Svampson the Chopper, an amateur MiBe of Trog (D:4)
  2 ogres
  An eye of draining (D:9)
  A necrophage (D:9)
  2 centaurs
  8 big kobolds
  5 bullfrogs
  2 scorpions
  6 crimson imps
  4 bullfrog zombies
  5 jellies
  2 orc priests
  4 hounds
  12 orc wizards
  2 centaur skeletons (D:7)
  Crazy Yiuf (D:2)
  4 bullfrog skeletons
  4 iguanas
  Ijyb (D:4)
  10 worker ants
  2 hound skeletons (D:6)
  2 worker ant zombies
  9 gnolls
  12 adders
  2 shadow imps
  3 oozes
  An adder skeleton (D:9)
  An adder zombie (D:7)
  3 worms
  3 dart slugs
  6 leopard geckos
  25 orcs
  7 giant cockroaches
  6 goblins
  6 hobgoblins
  4 jackals
  7 quokkas
  2 ball pythons
  6 bats
  4 frilled lizards
  23 kobolds
  A leopard gecko skeleton (D:5)
  A quokka skeleton (D:4)
  3 quokka zombies
  13 rats
  2 rat zombies (D:4)
247 creatures vanquished.

Notes
Turn   | Place    | Note
-------+----------+-------------------------------------------
     0 | D:1      | Amanar the Gargoyle Fire Elementalist began the quest for
                  | the Orb.
     0 | D:1      | Reached XP level 1. HP: 10/10 MP: 3/3
   419 | D:1      | Reached XP level 2. HP: 12/16 MP: 0/5
   660 | D:2      | Reached skill level 1 in Armour
   660 | D:2      | Reached XP level 3. HP: 17/20 MP: 0/6
   877 | D:2      | Found a radiant altar of Vehumet.
  1069 | D:2      | Found a white marble altar of Elyvilon.
  1203 | D:2      | Gained mutation: You have a pair of small horns on your
                  | head. [potion of mutation]
  1203 | D:2      | Gained mutation: You are clumsy. (Dex -2) [potion of
                  | mutation]
  1203 | D:2      | Gained mutation: You have a pair of horns on your head.
                  | [potion of mutation]
  1203 | D:2      | Gained mutation: You expend magic power (3 MP) to
                  | strengthen your wands. [potion of mutation]
  1213 | D:2      | Learned a level 3 spell: Conjure Flame
  1242 | D:2      | Reached XP level 4. HP: 24/24 MP: 5/7
  1320 | D:2      | Found a runed translucent door.
  1321 | D:2      | Noticed Crazy Yiuf
  1413 | D:2      | Killed Crazy Yiuf
  1413 | D:2      | Reached skill level 1 in Fighting
  1413 | D:2      | Reached skill level 1 in Shields
  1717 | D:3      | Reached XP level 5. HP: 20/29 MP: 1/8
  1841 | D:3      | Found a glowing drain.
  1845 | Sewer    | Entered a sewer
  1910 | Sewer    | Noticed a big kobold
  1923 | Sewer    | Killed a big kobold
  1923 | Sewer    | Reached XP level 6. HP: 35/35 MP: 2/9
  2006 | Sewer    | Found a white marble altar of Elyvilon.
  2141 | D:3      | Reached skill level 1 in Staves
  2160 | D:3      | Found a shadowy altar of Dithmenos.
  2280 | D:3      | Learned a level 4 spell: Sticky Flame
  2709 | D:4      | Found a staircase to the Ecumenical Temple.
  2726 | Temple   | Entered the Ecumenical Temple
  2812 | D:4      | Reached XP level 7. HP: 40/40 MP: 6/11
  2824 | D:4      | Found a runed translucent gate.
  2825 | D:4      | Found a runed translucent gate.
  2825 | D:4      | Found a runed translucent gate.
  2825 | D:4      | Noticed Svampson's ghost (amateur MiBe)
  2826 | D:4      | Identified the +1 dagger of Qium {pain, Int+4}
  2960 | D:4      | Noticed Ijyb
  2972 | D:4      | Killed Ijyb
  3246 | D:4      | Found an ancient bone altar of Kikubaaqudgha.
  3752 | D:4      | Killed Svampson's ghost
  3786 | D:4      | Reached skill level 5 in Fire Magic
  3786 | D:4      | Reached XP level 8. HP: 43/45 MP: 1/12
  3866 | D:5      | Entered Level 5 of the Dungeon
  3972 | D:5      | Found a stormy altar of Qazlal.
  4120 | D:5      | Reached skill level 5 in Armour
  4197 | D:5      | Found a hazy altar of Hepliaklqana.
  4319 | D:5      | Found a sparkling altar of Nemelex Xobeh.
  4367 | D:5      | Found a snail-covered altar of Cheibriados.
  4460 | D:6      | Learned a level 5 spell: Fireball
  4722 | D:6      | Reached XP level 9. HP: 48/52 MP: 2/14
  4844 | D:6      | Found a stormy altar of Qazlal.
  4894 | D:6      | Found a blossoming altar of Fedhas.
  5454 | D:6      | Found an opulent altar of Gozag.
  5725 | D:7      | Found a sacrificial altar of Ru.
  6491 | D:8      | Found Coptud's Weapon Emporium.
  6516 | D:8      | Found a bloodstained altar of Trog.
  6520 | D:8      | Found Jyrhuf's Antique Weapon Shoppe.
  6550 | D:8      | Found Bufee's Weapon Shoppe.
  6815 | D:8      | Found an iron altar of Okawaru.
  6841 | D:8      | Became a worshipper of Warmaster Okawaru
  6909 | D:8      | Found Raham's Antique Weapon Shoppe.
  7136 | D:8      | Found Jufy's Armour Emporium.
  7326 | D:8      | Reached * piety under Okawaru
  7326 | D:8      | Reached skill level 5 in Conjurations
  7326 | D:8      | Reached XP level 10. HP: 58/58 MP: 5/16
  7377 | D:8      | Noticed a three-headed hydra
  7397 | D:8      | Killed a three-headed hydra
  7397 | D:8      | Reached ** piety under Okawaru
  7397 | D:8      | Reached skill level 5 in Fighting
  7991 | D:9      | Reached skill level 5 in Spellcasting
  8027 | D:9      | Found a staircase to the Lair.
  8398 | D:9      | Reached *** piety under Okawaru
  8461 | D:9      | Noticed a two-headed ogre
  8477 | D:9      | Killed a two-headed ogre
  8477 | D:9      | Reached skill level 5 in Staves
  8578 | D:9      | Noticed a red ugly thing
  8589 | D:9      | Killed a red ugly thing
  8589 | D:9      | Reached **** piety under Okawaru
  8589 | D:9      | Reached XP level 11. HP: 41/64 MP: 4/19
  8919 | D:9      | Found Terph's Weapon Shoppe.
  9065 | D:8      | Bought the +3 hat of Pondering {ponderous, MR+ MP+10 Int+5}
                  | for 495 gold pieces
  9065 | D:8      | Found the +3 hat of Pondering {ponderous, MR+ MP+10 Int+5}
  9232 | D:10     | Entered Level 10 of the Dungeon
  9240 | D:10     | Noticed Erolcha
  9247 | D:10     | Mangled by Erolcha

Skill      XL: |  1  2  3  4  5  6  7  8  9 10 11 |
---------------+----------------------------------+-----
Armour         | 1 2 3 4 5 6 8 |  8.6
Fighting       | 1 2 3 4 5 |  5.9
Shields        | 1 |  1.0
Dodging        | 2 3 4 |  4.8
Conjurations   | 2 3 4 5 6 |  6.1
Staves         | 1 2 3 4 5 |  5.3
Fire Magic     | 4 5 7 8 |  8.5
Spellcasting   | 3 4 5 |  5.4
Maces & Flails | |  0.4
Stealth        | |  2.4

Action                   |  1- 3 |  4- 6 |  7- 9 | 10-12 || total
-------------------------+-------+-------+-------+-------++-------
Melee: Club              |    51 |     3 |       |       ||    54
       Unarmed           |     1 |       |       |       ||     1
       Quarterstaff      |       |    98 |   198 |    44 ||   340
       Headbutt          |       |     7 |    16 |     7 ||    30
 Cast: Flame Tongue      |    45 |    35 |   189 |   127 ||   396
       Conjure Flame     |       |     1 |     4 |     3 ||     8
       Sticky Flame      |       |     3 |    12 |    12 ||    27
       Fireball          |       |       |     2 |     1 ||     3
Evoke: Wand              |       |       |       |     6 ||     6
  Use: Scroll            |     4 |     3 |     4 |     1 ||    12
       Potion            |     7 |     1 |     1 |       ||     9
 Stab: Paralysed         |       |       |       |     1 ||     1
  Eat: Chunk             |     2 |     7 |     9 |     6 ||    24
       Ration            |       |       |     2 |     1 ||     3
Armor: Ring mail         |    40 |    80 |   183 |    44 ||   347
       Robe              |     1 |       |       |       ||     1
Dodge: Dodged            |    54 |    85 |   196 |    55 ||   390
       Deflected         |       |       |       |     1 ||     1
Block: Buckler           |     6 |     1 |       |       ||     7
